 Dungeon Crawl Stone Soup version 0.25.0-11-g1f837a76a1 (console) character file.

Game seed: 15450747861923256713

725 bli the Insei (level 7, -3/50 HPs)
             Began as a Demonspawn Transmuter on June 26, 2020.
             Was a Follower of Makhleb.
             Slain by an orc
             ... wielding a +0 mace
              (4 damage)
             ... on level 5 of the Dungeon.
             The game lasted 00:19:56 (6798 turns).

bli the Insei (Demonspawn Transmuter)               Turns: 6798, Time: 00:19:57

Health: -3/50      AC:  2    Str: 10    XL:     7   Next: 43%
Magic:  4/12       EV: 13    Int: 20    God:    Makhleb [*.....]
Gold:   259        SH:  4    Dex: 16    Spells: 7/13 levels left

rFire    + . .     SeeInvis .     - Unarmed
rCold    x . .     Gourm    .   (no shield)
rNeg     . . .     Faith    .   b - +0 robe
rPois    .         Spirit   .   (no helmet)
rElec    .         Reflect  .   (no cloak)
rCorr    .         Harm     .   (no gloves)
MR       .....                  (no boots)
Stlth    +.........             (no amulet)
HPRegen  0.16/turn              i - ring of fire
MPRegen  0.13/turn              s - +6 ring of intelligence

@: appendage, very slightly contaminated
A: horns 2, talons 1, large bone plates 1, powered by pain 1
a: End Transformation, Renounce Religion


You were on level 5 of the Dungeon.
You worshipped Makhleb.
Makhleb was aware of your devotion.
You were not hungry.
You had grown temporary horns.
You visited 1 branch of the dungeon, and saw 5 of its levels.

You collected 259 gold pieces.

Inventory:

Missiles
 a - 13 arrows
Armour
 b - a +0 robe (worn)
 h - a +0 pair of boots
 x - a +0 leather armour
Jewellery
 i - a ring of fire (left hand)
 q - an uncursed ring of ice
 s - a +6 ring of intelligence (right hand)
Scrolls
 e - a scroll of fog {unknown}
 f - a scroll of teleportation {unknown}
 g - 3 scrolls of magic mapping {unknown}
 j - 4 scrolls of remove curse {unknown}
 k - 6 scrolls of identify {unknown}
 l - a scroll of enchant armour {unknown}
 n - a scroll of noise {unknown}
 o - a scroll of blinking {unknown}
 p - 3 scrolls of fear {unknown}
 u - a scroll of amnesia {unknown}
 v - a scroll of enchant weapon {unknown}
Potions
 c - 2 potions of lignification
 m - a potion of invisibility {unknown}
 r - 2 potions of curing
 t - a potion of flight {unknown}
 w - a potion of heal wounds {unknown}
Comestibles
 d - 10 rations


   Skills:
 + Level 2.1 Fighting
 + Level 3.0 Dodging
 + Level 5.5 Unarmed Combat
 * Level 3.9 Spellcasting
 + Level 3.4 Transmutations
 * Level 1.2 Poison Magic


You had 7 spell levels left.
You knew the following spells:

 Your Spells              Type           Power        Failure   Level  Hunger
a - Beastly Appendage     Tmut           ###...       3%          1    None
b - Sticks to Snakes      Tmut           ###.....     4%          2    ##.....
s - Spider Form           Tmut/Pois      ##........   16%         3    ###....

Your spell library contained the following spells:

 Spells                   Type           Power        Failure   Level  Hunger
 Magic Dart               Conj           #...         13%         1    None
 Blink                    Tloc           N/A          21%         2    ##.....
 Call Imp                 Summ           #.......     21%         2    ##.....
 Ensorcelled Hibernation  Hex/Ice        #.....       21%         2    ##.....
 Slow                     Hex            #.......     21%         2    ##.....
 Mephitic Cloud           Conj/Pois/Air  #.......     32%         3    ###....
 Conjure Flame            Conj/Fire      #.......     36%         3    ###....
 Ice Form                 Ice/Tmut       ##......     54%         4    ####...
 Blade Hands              Tmut           ###.......   65%         5    ######.
 Borgnjor's Vile Clutch   Necr/Erth      #.........   98%         5    ######.
 Silence                  Hex/Air        #.........   98%         5    ######.
 Darkness                 Hex            #.........   100%        6    #######
 Shadow Creatures         Summ           N/A          100%        6    #######


Dungeon Overview and Level Annotations

Branches:
Dungeon (5/15)             Temple (0/1) D:4

Altars:
Ashenzari
Fedhas
Makhleb
Trog
Wu Jian
Yredelemnul


Innate Abilities, Weirdness & Mutations

You have sharp toenails.
You are partially covered in large bone plates. (SH +4)
You sometimes gain a little power by taking damage.
You have a pair of horns on your head.


Message History

The orc closely misses you.
Your ball python closely misses the orc.
Your ball python grabs the orc.
Your ball python constricts the orc.
The orc wizard casts a spell.
The orc wizard flickers and vanishes!
Deactivating autopickup; reactivate with Ctrl-A.
The orc misses you.
You closely miss something. The orc misses you.
Your ball python bites the orc but does no damage.
Your ball python constricts the orc.
The orc barely misses you. Something hits you but does no damage.
Something barely misses your ball python.
The orc barely misses you.
Casting: Beastly Appendage (safe; 3% risk of failure)
Confirm with . or Enter, or press ? or * to list all spells.
You create 2 snakes!
You now have 13 arrows.
Your ball python bites the orc but does no damage.
Your ball python constricts the orc.
The orc hits you with a +0 flail!
* * * LOW HITPOINT WARNING * * *
The orc hits you with a +0 mace.
You die...

.##........#
...........# ...........
# #.........####..
..>..............
.................. ..
.....S................##
......ooS...............
......o@................
......{S................
.....#..................
....####................
...# ###..............
... ##(............. ..
##...#.).........
#....###....#....
##....####........
##.###..# #....#...
##.## #..# #........


You could see 3 orcs, a friendly adder and 2 friendly ball pythons.

Vanquished Creatures
  A howler monkey (D:4)
  A crimson imp (D:2)
  2 orc priests
  A hound (D:4)
  5 worker ants (D:4)
  2 orc wizards
  A killer bee zombie (D:3)
  4 adders
  A howler monkey skeleton (D:5)
  An ooze (D:1)
  2 worms (D:3)
  3 dart slugs
  2 leopard geckos
  9 orcs
  A ball python (D:2)
  2 giant cockroaches (D:1)
  9 goblins
  6 hobgoblins
  8 jackals
  2 quokkas
  10 bats
  5 frilled lizards
  3 kobolds
  2 quokka skeletons (D:4)
  11 rats
94 creatures vanquished.

Vanquished Creatures (collateral kills)
  An ice beast (D:5)
  A centaur (D:4)
  An orc priest (D:5)
  An iguana (D:4)
  A worker ant (D:4)
  4 orcs
  A frilled lizard (D:3)
10 creatures vanquished.

Grand Total: 104 creatures vanquished

Notes
Turn   | Place    | Note
-------+----------+-------------------------------------------
     0 | D:1      | bli the Demonspawn Transmuter began the quest for the Orb.
     0 | D:1      | Reached XP level 1. HP: 15/15 MP: 3/3
    48 | D:1      | Reached skill level 3 in Unarmed Combat
   124 | D:1      | Gained mutation: You sometimes gain a little power by
                  | taking damage. [demonic ancestry]
   124 | D:1      | Reached XP level 2. HP: 21/21 MP: 3/5
   913 | D:1      | Mutation became permanent: You have razor-sharp toenails.
                  | [demonic ancestry]
   913 | D:1      | Gained mutation: You have claws for feet. [demonic
                  | ancestry]
   913 | D:1      | Reached XP level 3. HP: 23/26 MP: 4/6
  2228 | D:2      | Learned a level 2 spell: Sticks to Snakes
  2268 | D:2      | Found a shattered altar of Ashenzari.
  2369 | D:2      | Reached skill level 4 in Unarmed Combat
  2369 | D:2      | Reached XP level 4. HP: 30/32 MP: 7/7
  2389 | D:2      | Found a burning altar of Makhleb.
  2397 | D:2      | Became a worshipper of Makhleb the Destroyer
  2955 | D:3      | Reached XP level 5. HP: 5/37 MP: 5/8
  3619 | D:3      | Found a bloodstained altar of Trog.
  3622 | D:3      | Found a basalt altar of Yredelemnul.
  3653 | D:3      | Reached * piety under Makhleb
  3894 | D:3      | Found an ornate altar of the Wu Jian Council.
  4167 | D:3      | Found a blossoming altar of Fedhas.
  4407 | D:4      | Noticed a centaur
  4522 | D:4      | Reached skill level 5 in Unarmed Combat
  4522 | D:4      | Reached XP level 6. HP: 18/43 MP: 7/9
  4538 | D:4      | Learned a level 3 spell: Spider Form
  5650 | D:4      | Found a staircase to the Ecumenical Temple.
  5742 | D:4      | Gained mutation: You are partially covered in large bone
                  | plates. (SH +4) [demonic ancestry]
  5742 | D:4      | Reached XP level 7. HP: 50/50 MP: 9/12
  5957 | D:5      | Entered Level 5 of the Dungeon
  6028 | D:5      | HP: 1/50 [orc priest/divine providence (13)]
  6793 | D:5      | Reached skill level 1 in Poison Magic
  6798 | D:5      | HP: 1/50 [orc/+0 flail (8)]
  6798 | D:5      | Slain by an orc

Illustrated notes

Levels and vault maps discovered:
D:1:      wander_arrival_lonely_grave, layout_basic, minmay_strange_pillars,
          minmay_distorted
D:2:      layout_loops_ring, makhleb_grotto_becter, evilmike_ruin_ashenzari
D:3:      layout_basic, marbit_many_paths, minitemple, fedhas_altar_fruit_tree
D:4:      layout_basic, minmay_temple_entry_drinking_statues
D:5:      kennysheep_spiral_hall, layout_layer_cave, lemuel_doored_altar,
          first_ration, kennysheep_okawaru_gauntlet

Skill      XL: |  1  2  3  4  5  6  7 |
---------------+----------------------+-----
Unarmed Combat | 3 4 5 |  5.5
Dodging        | 2 3 |  3.0
Transmutations | 2 3 |  3.4
Fighting       | 2 |  2.1
Spellcasting   | 3 |  3.9
Poison Magic   | 1 |  1.2

Action                   |  1- 3 |  4- 6 |  7- 9 || total
-------------------------+-------+-------+-------++-------
Melee: Unarmed           |   157 |   166 |    34 ||   357
       Kick              |    17 |    50 |    15 ||    82
       Headbutt          |    13 |    13 |     6 ||    32
       Punch             |       |     1 |     2 ||     3
 Cast: Beastly Appendage |    23 |    25 |     7 ||    55
       Sticks to Snakes  |       |    15 |     9 ||    24
  Use: Potion            |     1 |     3 |       ||     4
 Stab: Sleeping          |     4 |     1 |       ||     5
  Eat: Chunk             |     5 |    12 |     3 ||    20
Armor: Robe              |    27 |    20 |     2 ||    49
       Skin              |       |     4 |       ||     4
Dodge: Dodged            |   103 |   112 |    16 ||   231
Block: Other             |       |       |     5 ||     5
